MLB
NEW YORK YANKEES @ DETROIT TIGERS
09/11/2019
 
TOP OF THE 1ST
New York Yankees batting - Pitching for Detroit Tigers : RHP Joe Ross
Pitching: RHP Joe Ross
Batting: LHB Tony Kemp 0-0: Called Strike
0-1: Bunt for hit to 15 - play at first, batter safe!
Batting: LHB Scooter Gennett 0-0: Ball
1-0: DOUBLE (Line Drive, 78D, EV 100.6 MPH)
Tony Kemp to third
Batting: RHB Anthony Rendon 0-0: Called Strike
0-1: SINGLE (Line Drive, 56D, EV 103.1 MPH)
Tony Kemp scores
Scooter Gennett to third
Batting: LHB Willie Calhoun 0-0: Foul Ball, location: 2F
0-1: Swinging Strike
0-2: Ball
1-2: Strikes out swinging
Batting: RHB Paul Goldschmidt 0-0: Foul Ball, location: 2F
0-1: Fly out, F7 (Flyball, 7LS, EV 79.4 MPH)
Batting: LHB Austin Allen 0-0: Foul Ball, location: 2F
0-1: Foul Ball, location: 2F
0-2: Fly out, F9 (Flyball, 9, EV 85.0 MPH)
Top of the 1st over - 1 run, 3 hits, 0 errors, 2 left on base; New York 1 - Detroit 0
BOTTOM OF THE 1ST
Detroit Tigers batting - Pitching for New York Yankees : RHP Zack Greinke
Pitching: RHP Zack Greinke
Batting: RHB Jean Segura 0-0: Ball
1-0: SOLO HOME RUN (Flyball, 78XD, EV 95.6 MPH), Distance : 420 ft
Batting: RHB Starling Marte 0-0: Ball
1-0: SINGLE (Groundball, 6MD, EV 106.3 MPH)
Batting: RHB George Springer 0-0: Ball
1-0: Fly out, F7 (Flyball, 7S, EV 88.1 MPH)
Batting: RHB Khris Davis 0-0: Called Strike
0-1: Ball
1-1: Called Strike
1-2: Ball
2-2: Ball
Starling Marte steals 2nd base
3-2: Base on Balls
Batting: SHB Kendrys Morales 0-0: Grounds into double play, 6-4-3 (Groundball, 6, EV 86.9 MPH)
Bottom of the 1st over - 1 run, 2 hits, 0 errors, 1 left on base; New York 1 - Detroit 1
TOP OF THE 2ND
New York Yankees batting - Pitching for Detroit Tigers : RHP Joe Ross
Batting: RHB Ryan Braun 0-0: Called Strike
0-1: Ball
1-1: Ball
2-1: Swinging Strike
2-2: Foul Ball, location: 2F
2-2: Ground out 5-3 (Groundball, 56S, EV 87.5 MPH)
Batting: LHB Brandon Crawford 0-0: Called Strike
0-1: Ball
1-1: Ball
2-1: Ground out U3 (Groundball, 34, EV 109.4 MPH)
Batting: RHB Manuel Margot 0-0: Ball
1-0: Ball
2-0: SINGLE (Flyball, 5D, EV 100.6 MPH)
Batting: LHB Tony Kemp 0-0: Ball
1-0: Called Strike
1-1: Swinging Strike
1-2: Ball
2-2: Foul Ball, location: 2F
2-2: SINGLE (Groundball, 6MD, EV 102.5 MPH)
Manuel Margot to second
Batting: LHB Scooter Gennett 0-0: Called Strike
0-1: 3-RUN HOME RUN (Flyball, 9D, EV 83.8 MPH), Distance : 376 ft
Batting: RHB Anthony Rendon 0-0: Swinging Strike
0-1: Foul Ball, location: 2F
0-2: Ball
1-2: Ball
2-2: DOUBLE (Line Drive, 3D, EV 95.0 MPH)
Batting: LHB Willie Calhoun 0-0: Foul Ball, location: 2F
0-1: Foul Ball, location: 2F
0-2: Foul Ball, location: 2F
0-2: Ball
1-2: Ball
2-2: Ball
3-2: Fly out, F5 (Popup, P, EV 86.3 MPH)
Top of the 2nd over - 3 runs, 4 hits, 0 errors, 1 left on base; New York 4 - Detroit 1
BOTTOM OF THE 2ND
Detroit Tigers batting - Pitching for New York Yankees : RHP Zack Greinke
Batting: LHB Corey Dickerson 0-0: SOLO HOME RUN (Flyball, 9D, EV 90.0 MPH), Distance : 375 ft
Batting: LHB Kolten Wong 0-0: Ball
1-0: Foul Ball, location: 2F
1-1: Ball
2-1: Foul Ball, location: 2F
2-2: Foul Ball, location: 2F
2-2: Foul Ball, location: 2F
2-2: Strikes out looking
Batting: RHB J.D. Davis 0-0: Ball
1-0: Ball
2-0: Called Strike
2-1: Foul Ball, location: 2F
2-2: Strikes out swinging
Batting: RHB Elias Diaz 0-0: Swinging Strike
0-1: Ball
1-1: Fly out, F8 (Line Drive, 8RD, EV 98.1 MPH)
Bottom of the 2nd over - 1 run, 1 hit, 0 errors, 0 left on base; New York 4 - Detroit 2
TOP OF THE 3RD
New York Yankees batting - Pitching for Detroit Tigers : RHP Joe Ross
Batting: RHB Paul Goldschmidt 0-0: Called Strike
0-1: Ball
1-1: Ball
2-1: Ball
3-1: Fly out, F4 (Popup, 34, EV 70.6 MPH)
Batting: LHB Austin Allen 0-0: Ball
1-0: Ball
2-0: Called Strike
2-1: Ball
3-1: Ground out 3-1 (Groundball, 3S, EV 86.9 MPH)
Batting: RHB Ryan Braun 0-0: Ball
1-0: Foul Ball, location: 2F
1-1: Fly out, F8 (Flyball, 8LM, EV 88.8 MPH)
Top of the 3rd over - 0 runs, 0 hits, 0 errors, 0 left on base; New York 4 - Detroit 2
BOTTOM OF THE 3RD
Detroit Tigers batting - Pitching for New York Yankees : RHP Zack Greinke
Batting: RHB Jean Segura 0-0: Called Strike
0-1: Foul Ball, location: 2F
0-2: Ball
1-2: Ground out 4-3 (Groundball, 4, EV 101.9 MPH)
Batting: RHB Starling Marte 0-0: Ball
1-0: Fly out, F7 (Flyball, 7S, EV 86.3 MPH)
Batting: RHB George Springer 0-0: Ball
1-0: Swinging Strike
1-1: Ball
2-1: Foul Ball, location: 2F
2-2: Strikes out swinging
Bottom of the 3rd over - 0 runs, 0 hits, 0 errors, 0 left on base; New York 4 - Detroit 2
TOP OF THE 4TH
New York Yankees batting - Pitching for Detroit Tigers : RHP Joe Ross
Batting: LHB Brandon Crawford 0-0: Called Strike
0-1: Ball
1-1: Ball
2-1: Ball
3-1: SOLO HOME RUN (Line Drive, 9D, EV 108.1 MPH), Distance : 380 ft
Pitching: RHP Tyler Chatwood
Batting: RHB Manuel Margot 0-0: Called Strike
0-1: Called Strike
0-2: Fly out, F4 (Popup, 23, EV 88.8 MPH)
Batting: LHB Tony Kemp 0-0: Ball
1-0: Foul Ball, location: 2F
1-1: Foul Ball, location: 2F
1-2: SINGLE (Line Drive, 4D, EV 95.0 MPH)
Batting: LHB Scooter Gennett 0-0: Swinging Strike
0-1: Ball
1-1: Foul Ball, location: 2F
1-2: Ball
2-2: Ball
3-2: Fly out, F8 (Line Drive, 8RM, EV 86.3 MPH)
Batting: RHB Anthony Rendon 0-0: Ball
1-0: Ball
2-0: Called Strike
2-1: Foul Ball, location: 2F
2-2: Foul Ball, location: 2F
2-2: Ball
3-2: Foul Ball, location: 2F
3-2: 2-RUN HOME RUN (Line Drive, 9LD, EV 100.0 MPH), Distance : 351 ft
Batting: LHB Willie Calhoun 0-0: Ball
1-0: Ground out 4-3 (Groundball, 34, EV 105.6 MPH)
Top of the 4th over - 3 runs, 3 hits, 0 errors, 0 left on base; New York 7 - Detroit 2
BOTTOM OF THE 4TH
Detroit Tigers batting - Pitching for New York Yankees : RHP Zack Greinke
Batting: RHB Khris Davis 0-0: Called Strike
0-1: Called Strike
0-2: Strikes out swinging
Batting: SHB Kendrys Morales 0-0: Ground out 4-3 (Groundball, 4, EV 91.3 MPH)
Batting: LHB Corey Dickerson 0-0: Ground out U3 (Groundball, 34, EV 106.3 MPH)
Bottom of the 4th over - 0 runs, 0 hits, 0 errors, 0 left on base; New York 7 - Detroit 2
TOP OF THE 5TH
New York Yankees batting - Pitching for Detroit Tigers : RHP Tyler Chatwood
Batting: RHB Paul Goldschmidt 0-0: Ball
1-0: Called Strike
1-1: Ball
2-1: Ball
3-1: Swinging Strike
3-2: Strikes out looking
Batting: LHB Austin Allen 0-0: Ball
1-0: Called Strike
1-1: Ground out 4-3 (Groundball, 4, EV 101.9 MPH)
Batting: RHB Ryan Braun 0-0: Ball
1-0: Ball
2-0: SOLO HOME RUN (Flyball, 78XD, EV 100.0 MPH), Distance : 416 ft
Pitching: RHP Wilmer Font
Batting: LHB Brandon Crawford 0-0: Ball
1-0: Foul Ball, location: 2F
1-1: Ball
2-1: SINGLE (Groundball, 34D, EV 98.8 MPH)
Batting: RHB Manuel Margot 0-0: Swinging Strike
0-1: Ball
1-1: Ball
2-1: Ball
3-1: Foul Ball, location: 2F
3-2: Strikes out looking
Top of the 5th over - 1 run, 2 hits, 0 errors, 1 left on base; New York 8 - Detroit 2
BOTTOM OF THE 5TH
Detroit Tigers batting - Pitching for New York Yankees : RHP Zack Greinke
Batting: LHB Kolten Wong 0-0: Swinging Strike
0-1: Ground out 6-3 (Groundball, 6, EV 86.9 MPH)
Batting: RHB J.D. Davis 0-0: Called Strike
0-1: Swinging Strike
0-2: Strikes out swinging
Batting: RHB Elias Diaz 0-0: Ball
1-0: Called Strike
1-1: Fly out, F4 (Popup, 4D, EV 67.5 MPH)
Bottom of the 5th over - 0 runs, 0 hits, 0 errors, 0 left on base; New York 8 - Detroit 2
TOP OF THE 6TH
New York Yankees batting - Pitching for Detroit Tigers : RHP Wilmer Font
Batting: LHB Tony Kemp 0-0: Called Strike
0-1: Ground out 4-3 (Groundball, 4, EV 103.1 MPH)
Batting: LHB Scooter Gennett 0-0: Ball
1-0: Ball
2-0: Ground out 1-3 (Groundball, 13S, EV 75.0 MPH)
Batting: RHB Anthony Rendon 0-0: Ball
1-0: Foul Ball, location: 2F
1-1: Ball
2-1: Ball
3-1: Called Strike
3-2: Foul Ball, location: 2F
3-2: Foul Ball, location: 2F
3-2: Strikes out swinging
Top of the 6th over - 0 runs, 0 hits, 0 errors, 0 left on base; New York 8 - Detroit 2
BOTTOM OF THE 6TH
Detroit Tigers batting - Pitching for New York Yankees : RHP Zack Greinke
Batting: RHB Jean Segura 0-0: Ground out 5-3 (Groundball, 5S, EV 83.1 MPH)
Batting: RHB Starling Marte 0-0: Called Strike
0-1: Ball
1-1: Foul Ball, location: 2F
1-2: Fly out, F8 (Line Drive, 8LD, EV 84.4 MPH)
Batting: RHB George Springer 0-0: Ball
1-0: Ball
2-0: SOLO HOME RUN (Flyball, 7D, EV 96.9 MPH), Distance : 381 ft
Batting: RHB Khris Davis 0-0: Ball
1-0: Fly out, F7 (Flyball, 7LM, EV 84.4 MPH)
Bottom of the 6th over - 1 run, 1 hit, 0 errors, 0 left on base; New York 8 - Detroit 3
TOP OF THE 7TH
New York Yankees batting - Pitching for Detroit Tigers : RHP Wilmer Font
Batting: LHB Willie Calhoun 0-0: Ball
1-0: Foul Ball, location: 2F
1-1: Ball
2-1: Called Strike
2-2: Strikes out swinging
Batting: RHB Paul Goldschmidt 0-0: Ball
1-0: DOUBLE (Line Drive, 78XD, EV 103.8 MPH)
Batting: LHB Austin Allen 0-0: Swinging Strike
0-1: Ball
1-1: DOUBLE (Flyball, 89XD, EV 103.8 MPH)
Paul Goldschmidt scores
Batting: RHB Ryan Braun 0-0: Ball
1-0: Swinging Strike
1-1: Ball
2-1: Swinging Strike
Passed Ball!
Austin Allen to third
2-2: Ball
3-2: Strikes out swinging, 2-3 out at first.
Batting: LHB Brandon Crawford 0-0: Called Strike
0-1: Foul Ball, location: 2F
0-2: Ball
1-2: Fly out, F7 (Flyball, 7LS, EV 83.1 MPH)
Top of the 7th over - 1 run, 2 hits, 0 errors, 1 left on base; New York 9 - Detroit 3
BOTTOM OF THE 7TH
Detroit Tigers batting - Pitching for New York Yankees : RHP Zack Greinke
Batting: SHB Kendrys Morales 0-0: Called Strike
0-1: Called Strike
0-2: Ball
1-2: Ground out 6-3 (Groundball, 4M, EV 105.0 MPH)
Batting: LHB Corey Dickerson 0-0: Foul Ball, location: 2F
0-1: Ball
1-1: Foul Ball, location: 2F
1-2: Foul Ball, location: 2F
1-2: Foul Ball, location: 2F
1-2: Strikes out looking
Batting: LHB Kolten Wong 0-0: Ball
1-0: DOUBLE (Flyball, 89XD, EV 107.5 MPH)
Batting: RHB J.D. Davis 0-0: Ball
1-0: Foul Ball, location: 2F
1-1: Ball
2-1: Swinging Strike
2-2: Foul Ball, location: 2F
2-2: DOUBLE (Groundball, 5L, EV 102.5 MPH)
Kolten Wong scores
Batting: RHB Elias Diaz 0-0: Ball
1-0: Called Strike
1-1: Ball
2-1: Ball
3-1: Foul Ball, location: 2F
3-2: Fly out, F6 (Popup, 4MS, EV 82.5 MPH)
Bottom of the 7th over - 1 run, 2 hits, 0 errors, 1 left on base; New York 9 - Detroit 4
TOP OF THE 8TH
New York Yankees batting - Pitching for Detroit Tigers : RHP Wilmer Font
Batting: RHB Manuel Margot 0-0: Ball
1-0: Ball
2-0: Ground out 4-3 (Groundball, 4M, EV 91.9 MPH)
Batting: LHB Tony Kemp 0-0: Ball
1-0: Ball
2-0: SINGLE (Line Drive, 4D, EV 105.0 MPH)
Pitching: RHP Austin L. Adams
Batting: LHB Scooter Gennett 0-0: Ball
1-0: Called Strike
1-1: Swinging Strike
1-2: Strikes out swinging
Batting: RHB Anthony Rendon 0-0: Ball
1-0: Called Strike
Tony Kemp steals 2nd base
1-1: Ball
2-1: Ball
3-1: Base on Balls
Batting: LHB Willie Calhoun 0-0: Fly out, F9 (Line Drive, 9D, EV 104.4 MPH)
Top of the 8th over - 0 runs, 1 hit, 0 errors, 2 left on base; New York 9 - Detroit 4
BOTTOM OF THE 8TH
Detroit Tigers batting - Pitching for New York Yankees : RHP Zack Greinke
Batting: RHB Jean Segura 0-0: Foul Ball, location: 2F
0-1: SOLO HOME RUN (Flyball, 78XD, EV 106.3 MPH), Distance : 425 ft
Pitching: LHP Xavier Cedeno
Batting: RHB Starling Marte 0-0: SINGLE (Groundball, 6M, EV 98.1 MPH)
Batting: RHB George Springer 0-0: Grounds into double play, 6-4-3 (Groundball, 6, EV 80.0 MPH)
Batting: RHB Khris Davis 0-0: Ball
1-0: Fly out, F8 (Flyball, 89M, EV 82.5 MPH)
Bottom of the 8th over - 1 run, 2 hits, 0 errors, 0 left on base; New York 9 - Detroit 5
TOP OF THE 9TH
New York Yankees batting - Pitching for Detroit Tigers : RHP Austin L. Adams
Batting: RHB Paul Goldschmidt 0-0: Called Strike
0-1: Ball
1-1: Called Strike
1-2: Fly out, F9 (Flyball, 9LM, EV 91.9 MPH)
Batting: LHB Austin Allen 0-0: Foul Ball, location: 2F
0-1: Ball
1-1: Ball
2-1: Swinging Strike
2-2: Ball
3-2: Strikes out swinging
Batting: RHB Ryan Braun 0-0: Called Strike
0-1: Swinging Strike
0-2: Strikes out swinging
Top of the 9th over - 0 runs, 0 hits, 0 errors, 0 left on base; New York 9 - Detroit 5
BOTTOM OF THE 9TH
Detroit Tigers batting - Pitching for New York Yankees : LHP Xavier Cedeno
Pitching: RHP Kyle Zimmer
Batting: SHB Kendrys Morales 0-0: Ball
1-0: Called Strike
1-1: Foul Ball, location: 2F
1-2: Foul Ball, location: 2F
1-2: Ball
2-2: Strikes out swinging
Batting: LHB Corey Dickerson 0-0: Swinging Strike
0-1: Ball
1-1: Ball
2-1: Ball
3-1: Base on Balls
Batting: LHB Kolten Wong 0-0: Ball
1-0: Ground out 3-1 (Groundball, 34S, EV 65.0 MPH)
Corey Dickerson to second
Batting: RHB J.D. Davis 0-0: Foul Ball, location: 2F
0-1: Ball
1-1: Swinging Strike
1-2: Ball
2-2: Strikes out swinging
Bottom of the 9th over - 0 runs, 0 hits, 0 errors, 1 left on base; New York 9 - Detroit 5
Monday, December 16th, 2019 - OOTP Baseball 20.8 Build 73